 Dungeon Crawl Stone Soup version 0.28-a0-1406-ga8dd43b1d0 (webtiles) character file.

Game seed: 7877561257830165803

11683 IndexError the Summoner (level 11, -3/83 HPs)
             Began as a Gnoll Summoner on Jan 6, 2022.
             Was a Believer of Ashenzari.
             Slain by a meliai (13 damage)
             ... on level 12 of the Dungeon.
             The game lasted 00:31:09 (15387 turns).

IndexError the Summoner (Gnoll Summoner)           Turns: 15387, Time: 00:31:09

Health: -3/83      AC: 10    Str: 14    XL:     11   Next: 81%
Magic:  0/23       EV: 15    Int: 19    God:    Ashenzari [**....]
Gold:   1252       SH:  0    Dex: 12    Spells: 5/26 levels left

rFire   + + .      SeeInvis +   d - +2 whip (elec)
rCold   . . .      Faith    .   h - orb of Ashenzari's Altruism {light, Bglg, Comp} (curse)
rNeg    . . .      Spirit   +   t - +2 robe "Restrained Seeker" {Will+, Comp, Melee} (curse)
rPois   .          Reflect  .   E - +1 helmet
rElec   .          Harm     .   D - +1 cloak
rCorr   .          Rampage  .   k - +0 pair of gloves of the Lashed Urgency {+Blink rF+, Melee, Bglg} (curse)
Will    +....                   (no boots)
Stlth   ++........              n - amulet of Ashenzari's Discomfort {Spirit, Spirit, Fort, Comp} (curse)
HPRegen 0.23/turn               o - +6 ring of strength
MPRegen 0.18/turn               B - ring of protection from fire {rF+, !d}

@: glowing
A: fangs 1, strong nose, distributed training
a: Renounce Religion, Evoke Blink, Shatter the Chains


You were on level 12 of the Dungeon.
You worshipped Ashenzari.
Ashenzari was pleased with you.
You visited 2 branches of the dungeon, and saw 13 of its levels.

You collected 1522 gold pieces.
You spent 270 gold pieces at shops.

Inventory:

Hand Weapons
 d - a +2 whip of electrocution (weapon)
   (You found it on level 9 of the Dungeon)
Armour
 h - the cursed orb of Ashenzari's Altruism (worn) {light, Bglg, Comp}
   (You found it on level 9 of the Dungeon)

   It has a curse which improves the following skills: Beguiling: Conjurations,
   Hexes and Translocations.
   Companions: Summonings and Necromancy.
 k - the cursed +0 pair of gloves of the Lashed Urgency (worn) {+Blink rF+, Melee, Bglg}
   (You found it on level 7 of the Dungeon)

   rF:        It protects you from fire.
   +Blink:    It lets you blink.
   It has a curse which improves the following skills: Melee Combat: Short
   Blades, Long Blades, Axes, Maces & Flails, Polearms, Staves and Unarmed
   Combat.
   Beguiling: Conjurations, Hexes and Translocations.
 t - the cursed +2 robe "Restrained Seeker" (worn) {Will+, Comp, Melee}
   (You took it off Sigmund on level 6 of the Dungeon)

   It has a curse which improves the following skills: Companions: Summonings
   and Necromancy.
   Melee Combat: Short Blades, Long Blades, Axes, Maces & Flails, Polearms,
   Staves and Unarmed Combat.
 D - a +1 cloak (worn)
   (You found it on level 8 of the Dungeon)
 E - a +1 helmet (worn)
   (You bought it in a shop on level 10 of the Dungeon)
 H - a +0 helmet of intelligence
   (You found it on level 10 of the Dungeon)
Jewellery
 f - a ring of ice {rC+, rF-}
   (You found it on level 1 of the Dungeon)
 n - the cursed amulet of Ashenzari's Discomfort (around neck) {Spirit, Spirit, Fort, Comp}
   (You found it on level 3 of the Dungeon)

   [amulet of guardian spirit]

   It causes incoming damage to be divided between your reserves of health and
   magic.
   It has a curse which improves the following skills: Fortitude: Armour and
   Shields.
   Companions: Summonings and Necromancy.
 o - a +6 ring of strength (left hand)
   (You found it on level 3 of the Dungeon)
 x - a ring of resist corrosion
   (You found it on level 7 of the Dungeon)
 B - a ring of protection from fire (right hand) {rF+, !d}
   (You found it on level 9 of the Dungeon)
Wands
 a - a wand of paralysis (14)
   (You found it on level 6 of the Dungeon)
 s - a wand of iceblast (9)
   (You found it on level 9 of the Dungeon)
 y - a wand of acid (16)
   (You found it on level 7 of the Dungeon)
Scrolls
 b - a scroll of vulnerability {!r!r}
 g - 9 scrolls of teleportation
 j - a scroll of amnesia
 l - 3 scrolls of fog
 p - 2 scrolls of immolation {!r}
 q - a scroll of holy word {!r}
 r - a scroll of magic mapping {!r}
 A - a scroll of blinking {!r}
 F - a scroll of enchant armour
 G - a scroll of fear
Potions
 c - 2 potions of lignification {!q}
 e - 6 potions of curing
 i - 4 potions of heal wounds
 m - 4 potions of mutation {!q}
 u - 3 potions of attraction {!q}
 w - a potion of resistance
 z - a potion of brilliance
 C - 2 potions of berserk rage {!q}
Miscellaneous
 v - a phantom mirror
   (You found it on level 10 of the Dungeon)
 I - a condenser vane
   (You found it on level 12 of the Dungeon)


   Skills:
 + Level 6.6 Fighting
 + Level 6.6(8.6) Short Blades
 + Level 6.6(8.6) Long Blades
 + Level 6.6(8.6) Axes
 + Level 6.6(8.6) Maces & Flails
 + Level 6.6(8.6) Polearms
 + Level 6.6(8.6) Staves
 + Level 6.6 Slings
 + Level 6.6 Bows
 + Level 6.6 Crossbows
 + Level 6.6 Throwing
 + Level 6.6(7.9) Armour
 + Level 8.1 Dodging
 + Level 7.9 Stealth
 + Level 6.6(7.9) Shields
 + Level 6.6(8.6) Unarmed Combat
 + Level 8.4 Spellcasting
 + Level 5.5(7.4) Conjurations
 + Level 5.5(7.4) Hexes
 + Level 9.1(11.6) Summonings
 + Level 5.5(8.0) Necromancy
 + Level 5.5(7.4) Translocations
 + Level 5.5 Transmutations
 + Level 5.5 Fire Magic
 + Level 5.5 Ice Magic
 + Level 5.5 Air Magic
 + Level 5.5 Earth Magic
 + Level 5.5 Poison Magic
 + Level 7.3 Invocations
 + Level 6.6 Evocations


You had 5 spell levels left.
You knew the following spells:

 Your Spells              Type           Power      Damage    Failure   Level
a - Summon Small Mammal   Summ           100%       N/A       1%          1
b - Call Canine Familiar  Summ           51%        N/A       1%          3
c - Call Imp              Summ           51%        N/A       1%          2
d - Summon Guardian Gole  Hex/Summ       44%        N/A       1%          3
e - Summon Lightning Spi  Summ/Air       40%        N/A       2%          4
f - Blink                 Tloc           72%        N/A       1%          2
g - Ignite Poison         Fire/Tmut/Pois 29%        N/A       2%          3
x - Mephitic Cloud        Conj/Pois/Air  31%        N/A       1%          3

Your spell library contained the following spells:

 Spells                   Type           Power      Damage    Failure   Level
 Animate Skeleton         Necr           76%        N/A       1%          1
 Apportation              Tloc           72%        N/A       1%          1
 Foxfire                  Conj/Fire      100%       2x1d9     1%          1
 Corpse Rot               Necr/Air       66%        N/A       1%          2
 Poisonous Vapours        Pois/Air       58%        N/A       1%          2
 Conjure Flame            Conj/Fire      32%        6-21      1%          3
 Inner Flame              Hex/Fire       32%        N/A       1%          3
 Lesser Beckoning         Tloc           36%        N/A       1%          3
 Flame Wave               Conj/Fire      32%        2d7       6%          4
 Manifold Assault         Tloc           36%        N/A       12%         5
 Freezing Cloud           Conj/Ice/Air   15%        6-21      19%         5
 Alistair's Intoxication  Tmut/Pois      19%        N/A       26%         5


Dungeon Overview and Level Annotations

Branches:
Dungeon (12/15)            Temple (1/1) D:7            Lair (0/6) D:11
    Orc: D:9-12

Altars:
Ashenzari
Cheibriados
Dithmenos
Elyvilon
Fedhas
Gozag
Hepliaklqana
Kikubaaqudgha
Makhleb
Nemelex Xobeh
Okawaru
Qazlal
Ru
Sif Muna
Trog
Uskayaw
Vehumet
Wu Jian
Xom
Yredelemnul
Zin
The Shining One
Beogh

Shops:
D:10 *

Annotations:
D:6 2 transporters, Stonecrops's ghost, novice DsMo


Innate Abilities, Weirdness & Mutations

You have very sharp teeth.
Your uncanny sense of smell can sniff out nearby items.
Your experience applies equally to all skills.


Message History

Okay, then.
Your amulet of guardian spirit {Spirit} glows black for a moment.
Okay, then.
Unknown command.
Found a stone staircase leading down.
A meliai comes into view. It is wielding a +0 hand axe.
An ogre zombie comes into view.
Casting: Call Canine Familiar (safe; 1% risk of failure)
Confirm with . or Enter, or press ? or * to list all spells.
An electric hum fills the air.
The meliai buzzes angrily.
You hear an angry buzzing noise.
A meliai comes into view. It is wielding a +0 war axe.
You now have 19/23 mp.
Casting: Summon Lightning Spire (dangerous; 2% risk of failure)
Confirm with . or Enter, or press ? or * to list all spells.
The meliai calls down the wrath of its god upon you.
Something smites you!
You take 7 damage, and have 76/83 hp.
You now have 14/23 mp.
Casting: Call Canine Familiar (safe; 1% risk of failure)
Confirm with . or Enter, or press ? or * to list all spells.
A beastly little devil appears in a puff of flame.
A meliai comes into view. It is wielding a +0 broad axe.
Your wolf bites the meliai but does no damage.
The meliai invokes the aid of its god against you.
Something smites you!
You take 11 damage, and have 65/83 hp.
You now have 11/23 mp.
Your wolf barely misses the meliai.
Your crimson imp blinks!
You closely miss the meliai. The meliai hits you with a +0 hand axe.
The meliai hits your wolf with a +0 hand axe.
The meliai stings you.
The meliai hits your wolf with a +0 war axe!
The meliai hits your lightning spire with a +0 war axe.
The meliai misses your wolf.
Your wolf bites the meliai.
The meliai barely misses you.
The meliai hits your wolf with a +0 hand axe!
The meliai misses you.
You take 6 damage, and have 59/83 hp.
You hit the meliai but do no damage. Lightning courses through the meliai!
The meliai calls upon its god to heal the meliai.
The meliai is healed somewhat.
The meliai hits you with a +0 hand axe!
The meliai hits your wolf with a +0 hand axe.
Your wolf's corpse disappears in a puff of smoke!
The meliai stings you.
Your lightning spire shoots out a bolt of lightning at the meliai!
The bolt of electricity hits the meliai!
The meliai barely misses your lightning spire.
The meliai stings your lightning spire.
You take 13 damage, and have 46/83 hp.
You now have 9/23 mp.
You are too injured to fight recklessly!
You are too injured to fight recklessly!
You are too injured to fight recklessly!
You hit the meliai but do no damage. Lightning courses through the meliai!!
The meliai hits your lightning spire with a +0 war axe!
The meliai stings your lightning spire but does no damage.
The meliai mumbles some strange prayers to its god against you.
Something smites you!
The meliai hits your lightning spire but does no damage.
The meliai stings your lightning spire but does no damage.
The meliai hits your lightning spire with a +0 war axe.
The meliai stings your lightning spire but does no damage.
Things that are here:
a +0 hand axe; a +0 leather armour You take 11 damage, and have 35/83 hp.
You now have 7/23 mp.
The meliai hits your lightning spire with a +0 war axe.
Your lightning spire disappears in a puff of smoke!
The meliai hits your crimson imp with a +0 war axe.
The meliai closely misses you.
The meliai stings you but does no damage.
The meliai hits your crimson imp with a +0 war axe!
The meliai stings your crimson imp.
Your crimson imp disappears in a puff of smoke!
An orc skeleton comes into view.
The meliai mumbles some strange prayers to its god against you.
Something smites you!
* * * LOW HITPOINT WARNING * * *
You take 11 damage, and have 24/83 hp.
You now have 4/23 mp.
Casting: Call Imp (safe; 1% risk of failure)
Confirm with . or Enter, or press ? or * to list all spells.
An electric hum fills the air.
The meliai barely misses you.
The meliai stings you but does no damage.
The meliai hits you with a +0 war axe.
* * * LOW HITPOINT WARNING * * *
The meliai stings you.
* * * LOW HITPOINT WARNING * * *
You are poisoned.
The meliai poisons you!
You take 6 damage, and have 18/83 hp.
You now have 0/23 mp.
You feel very sick. The meliai barely misses you. The meliai stings you.
* * * LOW HITPOINT WARNING * * *
The meliai calls upon its god to heal the meliai.
The meliai is healed somewhat.
The meliai invokes the aid of its god against you.
Something smites you!
* * * LOW HITPOINT WARNING * * *
You take 17 damage, and have 1/83 hp.
MASSIVE DAMAGE!!
You feel better.
The meliai hits you with a +0 broad axe!
You die...

#### ####.....#
#>.* ##....## , .
#..* ##....## # ..
##.. #.....## #
...* #..#*
##.....##### *
....##..#
#.........##
........##
##.######...#
.........#######..#
###.#
......#.Z.y@......#
#.# , *####.
#...y....#...# #.#
# ,#.8...####...#
### * * ##...##
##..# * ..>..##
#### * ......# *
#.....## ,, #.....#
, .....##


You could see 2 meliai, an ogre zombie and a friendly lightning spire
(summoned).

Vanquished Creatures
  A centaur zombie (D:11)
  An ugly thing (D:11)
  A gargoyle (D:12)
  A kobold demonologist (D:10)
  A troll (D:11)
  A meliai (D:12)
  The ghost of Yosebu the Quickloader, an amateur KoHu of Okawaru (D:4)
  Sigmund (D:6)
  A wyvern (D:4)
  A wraith (D:10)
  A hog (D:11)
  3 yaks (D:9)
  2 steam dragons
  A water moccasin (D:6)
  2 orc warriors
  A black bear (D:5)
  A centaur (D:11)
  3 bullfrogs
  2 gnoll sergeants (D:10)
  A water moccasin skeleton (D:5)
  2 bullfrog zombies
  4 hounds
  2 gnoll shamans
  An orc priest (D:5)
  A bullfrog skeleton (D:5)
  3 iguanas
  An orc wizard (D:10)
  A hound skeleton (D:4)
  Robin (D:4)
  A howler monkey zombie (D:8)
  9 gnolls (D:10)
  5 adders
  A shadow imp (D:5)
  A white imp (D:7)
  An adder zombie (D:5)
  2 dart slugs
  7 orcs
  2 endoplasms (D:4)
  2 giant cockroaches
  10 goblins
  5 hobgoblins
  A jackal (D:10)
  4 quokkas
  4 ball pythons
  4 bats
  A frilled lizard (D:3)
  3 kobolds
  An orc zombie (D:12)
  4 rats
111 creatures vanquished.

Vanquished Creatures (collateral kills)
  Kirke (D:10)
  A centaur warrior (D:9)
  A two-headed ogre (D:10)
  2 unseen horrors (D:10)
  A kobold demonologist (D:10)
  2 trolls (D:11)
  A hornet (D:9)
  A yak (D:9)
  A vampire (D:11)
  6 hogs
  A steam dragon (D:7)
  A sky beast (D:7)
  An orc warrior (D:11)
  An ice beast (D:5)
  The ghost of anet the Chiller, an amateur MfIE (D:3)
  A centaur (D:10)
  A kobold brigand (D:11)
  2 gnoll sergeants (D:10)
  3 killer bees
  4 hounds
  An orc priest (D:8)
  A gnoll shaman (D:10)
  2 orc wizards (D:11)
  A hound skeleton (D:5)
  4 adders
  11 gnolls
  2 white imps (D:5)
  2 worms
  A dart slug (D:2)
  9 orcs
  5 ball pythons
  2 bats
  8 endoplasms
  A giant cockroach (D:4)
  6 hobgoblins
  5 jackals
  3 quokkas (D:1)
  3 kobolds
  2 rats
102 creatures vanquished.

Vanquished Creatures (others)
  Pikel (D:9)
  Joseph (D:7)
  A water moccasin skeleton (D:7)
  5 killer bees
  A gnoll (D:10)
  3 orcs (D:3)
12 creatures vanquished.

Grand Total: 225 creatures vanquished

Notes
Turn   | Place    | Note
-------+----------+-------------------------------------------
     0 | D:1      | IndexError the Gnoll Summoner began the quest for the Orb.
     0 | D:1      | Reached XP level 1. HP: 13/13 MP: 6/6
   366 | D:1      | Reached XP level 2. HP: 17/19 MP: 4/7
  1199 | D:1      | Reached XP level 3. HP: 25/25 MP: 6/9
  1283 | D:1      | Reached skill level 5 in Spellcasting
  1683 | D:1      | Learned a level 2 spell: Call Imp
  1687 | D:1      | Learned a level 3 spell: Call Canine Familiar
  1691 | D:1      | Learned a level 3 spell: Summon Guardian Golem
  1766 | D:2      | Reached skill level 1 in Invocations
  1884 | D:2      | Reached skill level 1 in Fighting
  1884 | D:2      | Reached skill level 1 in Short Blades
  1884 | D:2      | Reached skill level 1 in Long Blades
  1884 | D:2      | Reached skill level 1 in Axes
  1884 | D:2      | Reached skill level 1 in Maces & Flails
  1884 | D:2      | Reached skill level 1 in Polearms
  1884 | D:2      | Reached skill level 1 in Staves
  1884 | D:2      | Reached skill level 1 in Slings
  1884 | D:2      | Reached skill level 1 in Bows
  1884 | D:2      | Reached skill level 1 in Crossbows
  1884 | D:2      | Reached skill level 1 in Throwing
  1884 | D:2      | Reached skill level 1 in Armour
  1884 | D:2      | Reached skill level 1 in Shields
  1884 | D:2      | Reached skill level 1 in Unarmed Combat
  1884 | D:2      | Reached skill level 1 in Evocations
  2098 | D:2      | Reached XP level 4. HP: 15/32 MP: 11/11
  3137 | D:3      | Reached skill level 1 in Conjurations
  3137 | D:3      | Reached skill level 1 in Hexes
  3137 | D:3      | Reached skill level 1 in Necromancy
  3137 | D:3      | Reached skill level 1 in Translocations
  3137 | D:3      | Reached skill level 1 in Transmutations
  3137 | D:3      | Reached skill level 1 in Fire Magic
  3137 | D:3      | Reached skill level 1 in Ice Magic
  3137 | D:3      | Reached skill level 1 in Air Magic
  3137 | D:3      | Reached skill level 1 in Earth Magic
  3137 | D:3      | Reached skill level 1 in Poison Magic
  3222 | D:3      | Reached XP level 5. HP: 30/37 MP: 5/12
  3290 | D:3      | Found a runed translucent gate.
  3291 | D:3      | Found a runed translucent gate.
  3292 | D:3      | Found a runed translucent gate.
  3293 | D:3      | Noticed anet's ghost (amateur MfIE)
  3416 | D:3      | Found a sparkling altar of Nemelex Xobeh.
  3656 | D:3      | Killed anet's ghost
  3700 | D:3      | HP: 9/38 [orc (3)]
  3727 | D:3      | Reached XP level 6. HP: 15/44 MP: 1/13
  4072 | D:4      | Reached skill level 2 in Invocations
  4139 | D:4      | Noticed Robin
  4257 | D:4      | Found a runed translucent door.
  4501 | D:4      | Killed Robin
  4609 | D:4      | Noticed Yosebu's ghost (amateur KoHu)
  4655 | D:4      | Reached skill level 2 in Fighting
  4655 | D:4      | Reached skill level 2 in Short Blades
  4655 | D:4      | Reached skill level 2 in Long Blades
  4655 | D:4      | Reached skill level 2 in Axes
  4655 | D:4      | Reached skill level 2 in Maces & Flails
  4655 | D:4      | Reached skill level 2 in Polearms
  4655 | D:4      | Reached skill level 2 in Staves
  4655 | D:4      | Reached skill level 2 in Slings
  4655 | D:4      | Reached skill level 2 in Bows
  4655 | D:4      | Reached skill level 2 in Crossbows
  4655 | D:4      | Reached skill level 2 in Throwing
  4655 | D:4      | Reached skill level 2 in Armour
  4655 | D:4      | Reached skill level 5 in Dodging
  4655 | D:4      | Reached skill level 2 in Shields
  4655 | D:4      | Reached skill level 2 in Unarmed Combat
  4655 | D:4      | Reached skill level 2 in Evocations
  4742 | D:4      | Noticed a wyvern
  4764 | D:4      | Killed a wyvern
  4765 | D:4      | Reached XP level 7. HP: 50/50 MP: 7/15
  5274 | D:4      | Killed Yosebu's ghost
  5275 | D:4      | Reached skill level 5 in Stealth
  5275 | D:4      | Reached skill level 2 in Conjurations
  5275 | D:4      | Reached skill level 2 in Hexes
  5275 | D:4      | Reached skill level 2 in Necromancy
  5275 | D:4      | Reached skill level 2 in Translocations
  5275 | D:4      | Reached skill level 2 in Transmutations
  5275 | D:4      | Reached skill level 2 in Fire Magic
  5275 | D:4      | Reached skill level 2 in Ice Magic
  5275 | D:4      | Reached skill level 2 in Air Magic
  5275 | D:4      | Reached skill level 2 in Earth Magic
  5275 | D:4      | Reached skill level 2 in Poison Magic
  5490 | D:5      | Entered Level 5 of the Dungeon
  5640 | D:5      | Reached skill level 3 in Invocations
  6001 | D:5      | Reached XP level 8. HP: 57/57 MP: 13/16
  6067 | D:5      | Reached skill level 3 in Fighting
  6067 | D:5      | Reached skill level 3 in Short Blades
  6067 | D:5      | Reached skill level 3 in Long Blades
  6067 | D:5      | Reached skill level 3 in Axes
  6067 | D:5      | Reached skill level 3 in Maces & Flails
  6067 | D:5      | Reached skill level 3 in Polearms
  6067 | D:5      | Reached skill level 3 in Staves
  6067 | D:5      | Reached skill level 3 in Slings
  6067 | D:5      | Reached skill level 3 in Bows
  6067 | D:5      | Reached skill level 3 in Crossbows
  6067 | D:5      | Reached skill level 3 in Throwing
  6067 | D:5      | Reached skill level 3 in Armour
  6067 | D:5      | Reached skill level 3 in Shields
  6067 | D:5      | Reached skill level 3 in Unarmed Combat
  6067 | D:5      | Reached skill level 3 in Evocations
  6182 | D:5      | Reached skill level 6 in Spellcasting
  6691 | D:6      | Found a transporter.
  6851 | D:6      | Noticed Sigmund
  6875 | D:6      | Killed Sigmund
  7095 | D:6      | Found Kawkojos's Serpentskin Sales.
  7110 | D:6      | Reached skill level 4 in Invocations
  7266 | D:6      | Reached skill level 3 in Conjurations
  7266 | D:6      | Reached skill level 3 in Hexes
  7266 | D:6      | Reached skill level 3 in Necromancy
  7266 | D:6      | Reached skill level 3 in Translocations
  7266 | D:6      | Reached skill level 3 in Transmutations
  7266 | D:6      | Reached skill level 3 in Fire Magic
  7266 | D:6      | Reached skill level 3 in Ice Magic
  7266 | D:6      | Reached skill level 3 in Air Magic
  7266 | D:6      | Reached skill level 3 in Earth Magic
  7266 | D:6      | Reached skill level 3 in Poison Magic
  7463 | D:6      | Found a shadowy altar of Dithmenos.
  7474 | D:6      | Found a blossoming altar of Fedhas.
  7546 | D:6      | Noticed Stonecrops's ghost (novice DsMo)
  7550 | D:6      | Noticed a two-headed ogre
  7754 | D:6      | Found a transporter.
  7840 | D:7      | Identified the +0 pair of gloves "Kyful" {+Blink rF+}
  7879 | D:7      | Found a staircase to the Ecumenical Temple.
  7918 | Temple   | Entered the Ecumenical Temple
  8036 | Temple   | Became a worshipper of Ashenzari the Shackled
  8301 | D:7      | Noticed Joseph
  8302 | D:7      | Reached skill level 6 in Dodging
  8302 | D:7      | Reached XP level 9. HP: 31/65 MP: 4/18
  8592 | D:7      | Reached skill level 4 in Fighting
  8592 | D:7      | Reached skill level 4 in Short Blades
  8592 | D:7      | Reached skill level 4 in Long Blades
  8592 | D:7      | Reached skill level 4 in Axes
  8592 | D:7      | Reached skill level 4 in Maces & Flails
  8592 | D:7      | Reached skill level 4 in Polearms
  8592 | D:7      | Reached skill level 4 in Staves
  8592 | D:7      | Reached skill level 4 in Slings
  8592 | D:7      | Reached skill level 4 in Bows
  8592 | D:7      | Reached skill level 4 in Crossbows
  8592 | D:7      | Reached skill level 4 in Throwing
  8592 | D:7      | Reached skill level 4 in Armour
  8592 | D:7      | Reached skill level 4 in Shields
  8592 | D:7      | Reached skill level 4 in Unarmed Combat
  8592 | D:7      | Reached skill level 4 in Evocations
  8854 | D:7      | Killed Joseph
  8855 | D:7      | Reached skill level 6 in Stealth
  8855 | D:7      | Reached skill level 8 in Summonings
  9584 | D:8      | Found a basalt altar of Yredelemnul.
 10284 | D:8      | Reached skill level 5 in Invocations
 10674 | D:9      | Noticed a centaur warrior
 10686 | D:9      | Reached * piety under Ashenzari
 10697 | D:9      | Learned a level 4 spell: Summon Lightning Spire
 10700 | D:9      | Learned a level 2 spell: Blink
 10704 | D:9      | Learned a level 3 spell: Mephitic Cloud
 10708 | D:9      | Learned a level 3 spell: Ignite Poison
 10754 | D:9      | Noticed Pikel
 10779 | D:9      | Killed Pikel
 10780 | D:9      | Reached skill level 7 in Spellcasting
 10780 | D:9      | Reached skill level 4 in Conjurations
 10780 | D:9      | Reached skill level 4 in Hexes
 10780 | D:9      | Reached skill level 4 in Necromancy
 10780 | D:9      | Reached skill level 4 in Translocations
 10780 | D:9      | Reached skill level 4 in Transmutations
 10780 | D:9      | Reached skill level 4 in Fire Magic
 10780 | D:9      | Reached skill level 4 in Ice Magic
 10780 | D:9      | Reached skill level 4 in Air Magic
 10780 | D:9      | Reached skill level 4 in Earth Magic
 10780 | D:9      | Reached skill level 4 in Poison Magic
 10780 | D:9      | Reached XP level 10. HP: 73/73 MP: 14/20
 10893 | D:9      | Reached skill level 5 in Fighting
 10893 | D:9      | Reached skill level 5 in Short Blades
 10893 | D:9      | Reached skill level 5 in Long Blades
 10893 | D:9      | Reached skill level 5 in Axes
 10893 | D:9      | Reached skill level 5 in Maces & Flails
 10893 | D:9      | Reached skill level 5 in Polearms
 10893 | D:9      | Reached skill level 5 in Staves
 10893 | D:9      | Reached skill level 5 in Slings
 10893 | D:9      | Reached skill level 5 in Bows
 10893 | D:9      | Reached skill level 5 in Crossbows
 10893 | D:9      | Reached skill level 5 in Throwing
 10893 | D:9      | Reached skill level 5 in Armour
 10893 | D:9      | Reached skill level 5 in Shields
 10893 | D:9      | Reached skill level 5 in Unarmed Combat
 10893 | D:9      | Reached skill level 5 in Evocations
 11130 | D:9      | Found a bloodstained altar of Trog.
 11201 | D:9      | HP: 18/74 [killer bee (3)]
 11629 | D:9      | Killed a centaur warrior
 11630 | D:9      | Reached skill level 7 in Dodging
 11748 | D:9      | Reached ** piety under Ashenzari
 11762 | D:10     | Entered Level 10 of the Dungeon
 11796 | D:10     | Found Wopiryf's Assorted Antiques.
 11828 | D:10     | Bought a glowing helmet for 270 gold pieces
 11951 | D:10     | Noticed an unseen horror
 11959 | D:10     | Killed an unseen horror
 11960 | D:10     | Reached skill level 7 in Stealth
 11960 | D:10     | Reached skill level 6 in Invocations
 12022 | D:10     | Noticed an unseen horror
 12030 | D:10     | Killed an unseen horror
 12234 | D:10     | Identified a scroll of acquirement
 12234 | D:10     | Noticed a two-headed ogre
 12255 | D:10     | Killed a two-headed ogre
 12256 | D:10     | Reached XP level 11. HP: 81/81 MP: 16/22
 12326 | D:10     | Acquired 719 gold pieces
 12359 | D:10     | Found a hide-covered altar of Uskayaw.
 13097 | D:10     | Reached skill level 6 in Fighting
 13097 | D:10     | Reached skill level 6 in Short Blades
 13097 | D:10     | Reached skill level 6 in Long Blades
 13097 | D:10     | Reached skill level 6 in Axes
 13097 | D:10     | Reached skill level 6 in Maces & Flails
 13097 | D:10     | Reached skill level 6 in Polearms
 13097 | D:10     | Reached skill level 6 in Staves
 13097 | D:10     | Reached skill level 6 in Slings
 13097 | D:10     | Reached skill level 6 in Bows
 13097 | D:10     | Reached skill level 6 in Crossbows
 13097 | D:10     | Reached skill level 6 in Throwing
 13097 | D:10     | Reached skill level 6 in Armour
 13097 | D:10     | Reached skill level 6 in Shields
 13097 | D:10     | Reached skill level 6 in Unarmed Combat
 13097 | D:10     | Reached skill level 6 in Evocations
 13206 | D:10     | Reached skill level 5 in Conjurations
 13206 | D:10     | Reached skill level 5 in Hexes
 13206 | D:10     | Reached skill level 5 in Necromancy
 13206 | D:10     | Reached skill level 5 in Translocations
 13206 | D:10     | Reached skill level 5 in Transmutations
 13206 | D:10     | Reached skill level 5 in Fire Magic
 13206 | D:10     | Reached skill level 5 in Ice Magic
 13206 | D:10     | Reached skill level 5 in Air Magic
 13206 | D:10     | Reached skill level 5 in Earth Magic
 13206 | D:10     | Reached skill level 5 in Poison Magic
 13254 | D:11     | Reached skill level 8 in Spellcasting
 13448 | D:11     | Found a staircase to the Lair.
 13710 | D:11     | Noticed a white ugly thing
 13725 | D:11     | Killed a white ugly thing
 14168 | D:12     | Noticed Kirke
 14265 | D:11     | Reached skill level 9 in Summonings
 14265 | D:11     | Reached skill level 7 in Invocations
 14278 | D:11     | Reached skill level 8 in Dodging
 14784 | D:10     | Killed Kirke
 14784 | D:10     | Identified the cursed orb of Ashenzari's Altruism {light,
                  | Bglg, Comp} (You found it on level 9 of the Dungeon)
 14784 | D:10     | Identified the cursed +2 robe "Restrained Seeker" {Will+,
                  | Comp, Melee} (You took it off Sigmund on level 6 of the
                  | Dungeon)
 15385 | D:12     | HP: 19/83 [meliai (6)]
 15386 | D:12     | HP: 1/83 [meliai/divine providence (13)]
 15387 | D:12     | Slain by a meliai

Illustrated notes

Levels and vault maps discovered:
D:1:      dpeg_arrival_rooms_with_view, layout_loops_corners,
          minmay_heptomino_d4
D:2:      layout_rooms, serial_aquarium, aquarium_bridge_square
          [aquarium_subvault_bridge, aquarium_subvault_wall,
          aquarium_subvault_bridge, aquarium_subvault_wall],
          aquarium_bridge_square [aquarium_subvault_balcony,
          aquarium_subvault_bridge, aquarium_subvault_wall,
          aquarium_subvault_bridge], aquarium_window_2, aquarium_window_corner,
          aquarium_window_1, aquarium_view_2g, kennysheep_cross_room
D:3:      layout_basic, mainiacjoe_overflow_alcove_1, biasface_ghost_orc_armoury
D:4:      layout_cave_pools, ebering_ghost_sewer_d, uniq_robin
D:5:      layout_loops_corners
D:6:      layout_rooms, amethyst_overflow_temple_binary, gammafunk_ghost_smash,
          chequers_serial_rivers_micro_c, guppyfry_shop_venom, uniq_sigmund
D:7:      layout_cave_pods, minmay_temple_entry_sparse_star, uniq_joseph
D:8:      layout_basic, mainiacjoe_overflow_small_starburst,
          kennysheep_generic_room_16
D:9:      layout_basic, mainiacjoe_overflow_alcove_2, chequers_garden,
          st_stairs_6, uniq_pikel
D:10:     layout_cave_pools, overflow_temple_1_default, serial_gnoll_camp,
          gnoll_camp_huts_basic, gnoll_camp_mini_hut, gnoll_camp_mini_shop,
          gnoll_camp_mini_house, gnoll_camp_mini_sergeant,
          gnoll_camp_mini_loothouse, bh_walls_and_bars
D:11:     layout_cross, lair_entry_dummy, chequers_serial_rivers_room_b
D:12:     layout_layer_cave, zombieorc2_lemuel, uniq_kirke
Temple:   kb_temple_of_zot

Skill      XL: |  1  2  3  4  5  6  7  8  9 10 11 |
---------------+----------------------------------+-----
Spellcasting   | 5 6 7 8 |  8.4
Invocations    | 1 2 3 4 5 6 7 |  7.3
Fighting       | 1 2 3 4 5 6 |  6.6
Short Blades   | 1 2 3 4 5 6 |  6.6
Long Blades    | 1 2 3 4 5 6 |  6.6
Axes           | 1 2 3 4 5 6 |  6.6
Maces & Flails | 1 2 3 4 5 6 |  6.6
Polearms       | 1 2 3 4 5 6 |  6.6
Staves         | 1 2 3 4 5 6 |  6.6
Slings         | 1 2 3 4 5 6 |  6.6
Bows           | 1 2 3 4 5 6 |  6.6
Crossbows      | 1 2 3 4 5 6 |  6.6
Throwing       | 1 2 3 4 5 6 |  6.6
Armour         | 1 2 3 4 5 6 |  6.6
Shields        | 1 2 3 4 5 6 |  6.6
Unarmed Combat | 1 2 3 4 5 6 |  6.6
Evocations     | 1 2 3 4 5 6 |  6.6
Conjurations   | 1 2 3 4 5 |  5.5
Hexes          | 1 2 3 4 5 |  5.5
Necromancy     | 1 2 3 4 5 |  5.5
Translocations | 1 2 3 4 5 |  5.5
Transmutations | 1 2 3 4 5 |  5.5
Fire Magic     | 1 2 3 4 5 |  5.5
Ice Magic      | 1 2 3 4 5 |  5.5
Air Magic      | 1 2 3 4 5 |  5.5
Earth Magic    | 1 2 3 4 5 |  5.5
Poison Magic   | 1 2 3 4 5 |  5.5
Dodging        | 5 6 7 8 |  8.1
Stealth        | 5 6 7 |  7.9
Summonings     | 8 9 |  9.1

Action                   |  1- 3 |  4- 6 |  7- 9 | 10-12 || total
-------------------------+-------+-------+-------+-------++-------
Melee: Hand axe          |    53 |    80 |       |       ||   133
       Unarmed           |     2 |       |       |    10 ||    12
       Bite              |     5 |     8 |    17 |    27 ||    57
       Punch             |       |     1 |     3 |       ||     4
       Quarterstaff      |       |    46 |   171 |       ||   217
       Trident           |       |       |    18 |       ||    18
       Whip              |       |       |       |   159 ||   159
 Cast: Summon Small Mamm |    34 |     4 |    15 |     5 ||    58
       Call Canine Famil |     3 |    13 |    23 |    18 ||    57
       Call Imp          |     2 |    10 |    24 |     9 ||    45
       Summon Guardian G |       |     3 |     9 |    10 ||    22
       Summon Lightning  |       |       |       |    27 ||    27
       Blink             |       |       |       |     1 ||     1
Invok: Curse Item        |       |       |     2 |     2 ||     4
  Use: Scroll            |       |       |     1 |     1 ||     2
       Potion            |       |       |       |     2 ||     2
 Stab: Sleeping          |     6 |     9 |     4 |       ||    19
       Distracted        |       |     1 |     1 |     4 ||     6
Armor: Robe              |     9 |    17 |       |    93 ||   119
       Leather armour    |       |    28 |    44 |       ||    72
Dodge: Dodged            |    57 |   132 |   133 |   198 ||   520

Table legend: (Time is in decaauts)
 A = Elapsed time spent in this place.
 B = Non-inter-level travel time spent in this place.
 C = Inter-level travel time spent in this place.
 D = Time resting spent in this place.
 E = Time spent auto-exploring this place.
 F = Levels seen in this place.
 G = Mean time per level.
                   A        B        C        D        E       F      G
               +--------+--------+--------+--------+--------+-----+--------+
         Total |  15456 |  14268 |   1188 |    344 |  11583 |  13 | 1188.9 |
       Dungeon |  15308 |  14166 |   1142 |    344 |  11495 |  12 | 1275.7 |
        Temple |    147 |    101 |     46 |      0 |     88 |   1 |  147.0 |
               +--------+--------+--------+--------+--------+-----+--------+

Top non-repeatable levels by time:
    D:10: 2057 daAuts
     D:1: 1765 daAuts
     D:3: 1678 daAuts
     D:7: 1352 daAuts
     D:9: 1342 daAuts
     D:5: 1240 daAuts
     D:6: 1188 daAuts
     D:4: 1138 daAuts
    D:11: 1038 daAuts
     D:2: 1021 daAuts
     D:8: 1008 daAuts
    D:12: 478 daAuts
  Temple: 147 daAuts

Table legend:
 A = Kills in this place as a percentage of kills in entire the game.
 B = Kills by you in this place as a percentage of kills by you in the entire game.
 C = Kills by friends in this place as a percentage of kills by friends in the entire game.
 D = Other kills in this place as a percentage of other kills in the entire game.
 E = Experience gained in this place as a percentage of experience gained in the entire game.
 F = Experience gained in this place divided by the number of levels of this place that you have seen.
                   A       B       C       D       E      F
               +-------+-------+-------+-------+-------+----------------------
         Total | 100.0 | 100.0 | 100.0 | 100.0 | 100.0 | 1283.8
       Dungeon | 100.0 | 100.0 | 100.0 | 100.0 | 100.0 | 1390.8
               +-------+-------+-------+-------+-------+----------------------
